 Dungeon Crawl Stone Soup version 0.25-a0-292-gaa31f046c4 (webtiles) character file.

Game seed: 597840323798129610, levelgen mode: classic

10684 Borgoz the Protected (level 11, -5/102 HPs)
             Began as a Minotaur Fighter on Dec 15, 2019.
             Was a Priest of Ashenzari.
             Slain by a tyrant leech (22 damage)
             ... in a Gauntlet.
             The game lasted 00:19:00 (10516 turns).

Borgoz the Protected (Minotaur Fighter)            Turns: 10516, Time: 00:19:00

Health: -5/102     AC: 14    Str: 25    XL:     11   Next: 39%
Magic:  10/10      EV: 16    Int:  5    God:    Ashenzari [***...]
Gold:   862        SH: 10    Dex: 20    Spells: 10/10 levels left

rFire    . . .     SeeInvis +   a - +3 scimitar (freeze)
rCold    . . .     Gourm    .   c - +0 shield
rNeg     . . .     Faith    +   B - +0 scale mail
rPois    .         Spirit   .   (helmet restricted)
rElec    .         Reflect  .   y - +0 cloak
rCorr    .         Harm     .   (no gloves)
MR       .....     NoTele   +   (no boots)
Stlth    ..........             m - amulet of faith
HPRegen  0.27/turn              s - +6 ring of dexterity
MPRegen  0.12/turn              u - +4 ring of protection

@: mighty
A: retaliatory headbutt, horns 2
a: Curse Item, Scrying, Renounce Religion


You were in a Gauntlet.
You worshipped Ashenzari.
Ashenzari was most pleased with you.
You were hungry.

You visited 2 branches of the dungeon, and saw 12 of its levels.
You also visited: Ossuary and Gauntlet.

You collected 862 gold pieces.

Inventory:

Hand Weapons
 a - a +3 scimitar of freezing (weapon)
 b - a +4 scimitar
Armour
 c - a +0 shield (worn)
 y - a +0 cloak (worn)
 B - a +0 scale mail (worn)
Jewellery
 m - an amulet of faith (around neck)
 s - a +6 ring of dexterity (left hand)
 u - a +4 ring of protection (right hand)
 A - the ring of Kabaco {rPois rF- MP+9 Int+7 Dex+4}
   (You found it on level 8 of the Dungeon)

   [ring of dexterity]

   It affects your intelligence (+7).
   It affects your dexterity (+4).
   It makes you vulnerable to fire.
   It protects you from poison.
   It affects your magic capacity (+9).
 E - an uncursed ring of protection from magic
Wands
 k - a wand of iceblast (21)
 o - a wand of digging (3)
 p - a wand of polymorph (7)
 r - a wand of random effects (9)
 H - a wand of paralysis (10)
Scrolls
 d - 2 scrolls of enchant weapon
 e - 2 scrolls of identify
 g - 7 scrolls of amnesia
 i - 2 scrolls of teleportation
 j - a scroll of fear
 n - 8 scrolls of remove curse
 v - a scroll of torment {unknown}
 w - a scroll of holy word {unknown}
 C - a scroll of magic mapping
 F - a scroll of blinking {unknown}
 G - a scroll of acquirement {unknown}
 I - a scroll of enchant armour {unknown}
Potions
 h - a potion of flight
 q - 5 potions of curing
 t - 4 potions of mutation
 x - 3 potions of brilliance {unknown}
 z - a potion of cancellation
Comestibles
 f - 21 rations
 l - 4 chunks of flesh


   Skills:
 + Level 11.3 Fighting
 + Level 11.0 Long Blades
 + Level 11.3 Armour
 + Level 9.9 Dodging
 - Level 3.6 Shields


You had 10 spell levels left.
You didn't know any spells.
Your spell library contained the following spells:

 Spells                   Type           Power        Failure   Level  Hunger
 Cause Fear               Hex            #.........   100%        4    #####..
 Silence                  Hex/Air        #.........   100%        5    ######.
 Yara's Violent Unravell  Hex/Tmut       #.........   100%        5    ######.
 Deflect Missiles         Chrm/Air       #.........   100%        6    #######
 Discord                  Hex            #.........   100%        8    #######


Dungeon Overview and Level Annotations

Branches:
Dungeon (11/15)            Temple (1/1) D:5            Lair (0/6) D:8
    Orc (0/2) D:10        Ossuary (visited)         Gauntlet (1/1)

Altars:
Ashenzari
Cheibriados
Dithmenos
Elyvilon
Fedhas
Gozag
Hepliaklqana
Kikubaaqudgha
Makhleb
Nemelex Xobeh
Okawaru
Qazlal
Ru
Sif Muna
Trog
Uskayaw
Vehumet
Wu Jian
Xom
Yredelemnul
Zin
The Shining One
Beogh

Shops:
D:9 *

Annotations:
Gauntlet 7 transporters, exclusion: 2 lightning spires


Innate Abilities, Weirdness & Mutations

You reflexively headbutt those who attack you in melee.
You have a pair of horns on your head.


Message History

You block the tyrant leech's attack.
You miss the swamp worm.
The swamp worm is almost dead.
The swamp worm misses you. You furiously retaliate!
You headbutt the swamp worm. The swamp worm bites you!
The swamp worm closely misses you.
You riposte.
You hit the swamp worm. You freeze the swamp worm. You headbutt the swamp worm!
The swamp worm is heavily wounded.
The swamp worm closely misses you.
You slash the swamp worm! You freeze the swamp worm.
You kill the swamp worm!
The swamp worm barely misses you. The tyrant leech closely misses you.
You furiously retaliate!
You headbutt the tyrant leech! The swamp worm bites you! x2
* * * LOW HITPOINT WARNING * * *
Unknown command.
Okay, then.
You feel very mighty all of a sudden. You block the swamp worm's attack.
The tyrant leech bites you!!
You die...

* * .≈....#...##
,..#©#...#≈≈.≈≈.≈≈≈#.∩.≈#
##.#.#####..≈..≈≈..#...##
.#...#...#:≈.≈≈....#...≈#
.#####©.©#©..≈..≈≈.#©8.##
.....#...#...≈≈.≈.≈#...≈#
####h#####≈.≈..≈..≈#...##
$8..h#...#.≈≈≈.†ww.#.∩.≈#
######...#[...≈≈@w.#...##
.........###########...≈#
.8.....................##
........8.....8.....8.##
#######...............§#
#.#.52#...#########...##
...#.4#...#...##hh#...≈#
...##.#######...#.#...##
#.#..##...#[.#..#.#...≈#


You could see a tyrant leech, 2 raiju and 2 swamp worms.

Vanquished Creatures
  Erolcha (D:9)
  A troll (D:8)
  A queen bee (D:9)
  Sigmund (D:3)
  A vampire (D:11)
  9 yaks
  Eustachio (D:6)
  A hungry ghost (D:7)
  A steam dragon (D:8)
  Edmund (D:6)
  2 swamp worms (Gauntlet)
  Duvessa (D:6)
  A black bear (D:8)
  A sky beast (D:9)
  2 ice beasts
  9 orc warriors
  3 phantoms
  2 wolves (D:8)
  4 ogres
  2 necrophages
  5 centaurs
  2 crocodiles
  2 big kobolds
  4 bullfrogs
  Dowan (D:6)
  4 scorpions
  2 water moccasin skeletons
  13 killer bees (D:9)
  9 wights
  2 electric eels (D:8)
  4 crimson imps
  3 centaur zombies
  3 howler monkeys (D:8)
  5 bullfrog zombies
  5 jellies
  7 hounds
  7 orc priests
  Crazy Yiuf (D:7)
  2 bullfrog skeletons (D:8)
  2 gnoll shamans
  3 centaur skeletons
  8 orc wizards
  13 mummies (Ossuary)
  An iguana (D:4)
  Natasha (D:3)
  5 worker ants
  2 killer bee zombies (Ossuary)
  2 hound zombies (Ossuary)
  2 hound skeletons
  3 worker ant zombies (Ossuary)
  Robin (D:3)
  19 gnolls
  11 adders
  4 shadow imps
  3 adder skeletons
  2 adder zombies (Ossuary)
  3 worms
  A dart slug (D:4)
  3 leopard geckos
  70 orcs
  A ball python (D:3)
  5 giant cockroaches
  10 goblins
  8 hobgoblins
  12 jackals
  4 quokkas
  5 bats
  7 frilled lizards
  A jackal skeleton (D:7)
  14 kobolds
  2 quokka zombies (Ossuary)
  4 rats
358 creatures vanquished.

Vanquished Creatures (others)
  An orc wizard (D:3)
  2 withered plants (Ossuary)
3 creatures vanquished.

Grand Total: 361 creatures vanquished

Notes
Turn   | Place    | Note
-------+----------+-------------------------------------------
     0 | D:1      | Borgoz the Minotaur Fighter began the quest for the Orb.
     0 | D:1      | Reached XP level 1. HP: 19/19 MP: 0/0
   296 | D:1      | Reached XP level 2. HP: 27/27 MP: 1/1
   654 | D:2      | Reached skill level 1 in Dodging
   900 | D:2      | Reached XP level 3. HP: 33/33 MP: 2/2
  1368 | D:2      | Found a faded altar of an unknown god.
  1575 | D:3      | Noticed Sigmund
  1647 | D:3      | HP: 1/33 [Sigmund/puff of flame (12)]
  1652 | D:3      | Killed Sigmund
  1652 | D:3      | Reached XP level 4. HP: 3/41 MP: 3/3
  1652 | D:3      | Reached XP level 5. HP: 3/47 MP: 4/4
  1704 | D:3      | Noticed Robin
  2008 | D:3      | Reached skill level 5 in Fighting
  2015 | D:3      | Reached skill level 5 in Armour
  2031 | D:3      | Reached XP level 6. HP: 41/56 MP: 5/5
  2116 | D:3      | Killed Robin
  2219 | D:3      | Noticed Natasha
  2227 | D:3      | Killed Natasha
  3364 | D:4      | Reached skill level 5 in Long Blades
  3368 | D:4      | Reached XP level 7. HP: 25/62 MP: 6/6
  3680 | D:4      | HP: 1/63 [gnoll/+0 spear (6)]
  4159 | D:5      | Entered Level 5 of the Dungeon
  4215 | D:5      | Found a staircase to the Ecumenical Temple.
  4267 | Temple   | Entered the Ecumenical Temple
  4458 | Temple   | Became a worshipper of Ashenzari the Shackled
  4591 | D:5      | Reached XP level 8. HP: 63/71 MP: 7/7
  5161 | D:6      | Noticed Eustachio
  5168 | D:6      | Reached skill level 5 in Dodging
  5187 | D:6      | Killed Eustachio
  5834 | D:6      | Noticed Duvessa
  5844 | D:6      | Noticed Dowan
  5853 | D:6      | Killed Duvessa
  5855 | D:6      | Killed Dowan
  5979 | D:6      | Noticed Edmund
  5987 | D:6      | Killed Edmund
  5987 | D:6      | Reached XP level 9. HP: 79/81 MP: 8/8
  6777 | D:7      | Found a sand-covered staircase.
  6780 | D:7      | Reached * piety under Ashenzari
  6786 | Ossuary  | Entered an ossuary
  7168 | D:7      | Found a runed translucent door.
  7169 | D:7      | Noticed Crazy Yiuf
  7180 | D:7      | Killed Crazy Yiuf
  7300 | D:8      | Reached XP level 10. HP: 91/91 MP: 9/9
  7570 | D:8      | Found a staircase to the Lair.
  7678 | D:8      | Reached skill level 10 in Fighting
  7681 | D:8      | Reached skill level 10 in Armour
  8106 | D:8      | Identified the ring of Kabaco {rPois rF- MP+9 Int+7 Dex+4}
  8317 | D:8      | Reached skill level 10 in Long Blades
  8376 | D:8      | Reached ** piety under Ashenzari
  8672 | D:9      | Found Zin's Purification Station.
  8674 | D:9      | Found a glowing silver altar of Zin.
  9163 | D:9      | Noticed Erolcha
  9172 | D:9      | Killed Erolcha
  9172 | D:9      | Reached XP level 11. HP: 54/101 MP: 10/10
  9284 | D:9      | Found a roughly hewn altar of Beogh.
  9700 | D:10     | Entered Level 10 of the Dungeon
  9842 | D:10     | Found a staircase to the Orcish Mines.
 10422 | D:11     | Found a gate leading to a gauntlet.
 10422 | D:11     | Reached *** piety under Ashenzari
 10433 | Gauntlet | Entered a Gauntlet
 10433 | Gauntlet | Found a transporter.
 10438 | Gauntlet | Found a transporter.
 10443 | Gauntlet | Found a transporter.
 10444 | Gauntlet | Found a transporter.
 10451 | Gauntlet | Found a transporter.
 10451 | Gauntlet | Found a transporter.
 10454 | Gauntlet | Identified the ring of Due Proportion {Wiz MR++ Int+4
                  | Dex-4}
 10455 | Gauntlet | Found a transporter.
 10458 | Gauntlet | Found a transporter.
 10461 | Gauntlet | Noticed a blizzard demon
 10464 | Gauntlet | Identified the amulet of Nokhlopt {Acrobat rF+}
 10516 | Gauntlet | Slain by a tyrant leech

Levels and vault maps discovered:
D:1:      lightli_arrival_statue_moat, layout_basic
D:2:      layout_basic, chequers_ecumenical_altar_twisty, first_ration,
          item_on_display_a
D:3:      layout_basic, uniq_natasha, uniq_robin, uniq_sigmund
D:4:      layout_basic, chequers_serial_rivers_micro_b
D:5:      layout_basic, minmay_temple_entry_drinking_statues
D:6:      layout_rooms, serial_co_window_serial, co_window_paths_a,
          co_window_of_opportunity_a, co_window_paths_a, co_window_corner_a,
          co_window_of_opportunity_a, co_window_paths_b, co_window_paths_a,
          co_window_corner_cb, co_window_paths_c, co_window_of_opportunity_b,
          glass_columns_c, uniq_edmund, uniq_duvessa, uniq_eustachio
D:7:      layout_rooms, nicolae_ossuary_entry_ruins, uniq_crazy_yiuf_cottage
D:8:      layout_basic, erik_lair_island
D:9:      layout_roguey [special_room_orc], zin_purify, david_nohive_1,
          uniq_erolcha
D:10:     layout_big_octagon, orc_0_dummy
D:11:     layout_roguey, special_room [special_room_orc],
          gauntlet_entry_generic, enter_bailey_3
Temple:   minmay_crystal_snake_temple
Gauntlet: minmay_gauntlet_mixed_oops_all_seconds
          [minmay_gauntlet_arena_77_squiggly,
          nicolae_gauntlet_arena_flowing_pool,
          minmay_gauntlet_arena_77_hold_the_fort,
          gammafunk_gauntlet_arena_chambers, minmay_gauntlet_arena_77_path,
          gammafunk_gauntlet_arena_grid, gauntlet_exit_watery]

Skill      XL: |  1  2  3  4  5  6  7  8  9 10 11 |
---------------+----------------------------------+-----
Dodging        | 1 2 3 4 6 7 9 |  9.9
Fighting       | 4 5 6 8 9 10 11 | 11.3
Long Blades    | 3 4 5 6 7 9 10 11 | 11.0
Armour         | 4 5 6 8 9 10 11 | 11.3
Shields        | |  3.6

Action                   |  1- 3 |  4- 6 |  7- 9 | 10-12 || total
-------------------------+-------+-------+-------+-------++-------
Melee: Long sword        |    81 |   111 |   102 |       ||   294
       Headbutt          |    19 |    24 |   107 |    86 ||   236
       Falchion          |       |       |    44 |       ||    44
       Scimitar          |       |       |   222 |   312 ||   534
Throw: Throwing net      |     1 |       |     2 |     1 ||     4
Evoke: Wand              |       |       |       |     1 ||     1
  Use: Scroll            |     5 |     4 |     8 |       ||    17
       Potion            |     5 |     2 |     3 |     8 ||    18
 Stab: Held in net/web   |     2 |       |     2 |     2 ||     6
  Eat: Chunk             |     2 |     6 |    13 |     9 ||    30
       Ration            |       |       |     1 |       ||     1
Armor: Scale mail        |    33 |    46 |    92 |    72 ||   243
       Skin              |    20 |       |       |       ||    20
Dodge: Dodged            |    32 |    42 |   138 |   155 ||   367
Block: Shield            |    43 |    66 |   187 |   147 ||   443
       Rpst.: Long sword |     7 |     9 |    11 |       ||    27
       Falchion          |       |       |     3 |       ||     3
       Scimitar          |       |       |    19 |    37 ||    56

Table legend:
 A = Non-vault XP
 B = Vault XP
 C = Vault XP percentage of total XP
 D = Non-vault monster count
 E = Vault monster count
 F = Vault count percentage of total count
                 A         B        C        D         E       F
            +---------+---------+-------+---------+---------+-------
      Total |    9704 |    5560 |  36.4 |     258 |     100 |  27.9
            +---------+---------+-------+---------+---------+-------
        D:1 |      12 |       0 |   0.0 |       8 |       0 |   0.0
        D:2 |      52 |       0 |   0.0 |      15 |       0 |   0.0
        D:3 |     199 |     299 |  60.0 |      24 |      15 |  38.5
        D:4 |     551 |       0 |   0.0 |      28 |       0 |   0.0
        D:5 |     408 |       0 |   0.0 |      20 |       0 |   0.0
        D:6 |     884 |     582 |  39.7 |      14 |       4 |  22.2
        D:7 |    1546 |      42 |   2.6 |      47 |       1 |   2.1
        D:8 |    2696 |     782 |  22.5 |      38 |       9 |  19.1
        D:9 |    1710 |    2714 |  61.3 |      33 |      40 |  54.8
       D:10 |    1127 |       0 |   0.0 |      24 |       0 |   0.0
       D:11 |     519 |       0 |   0.0 |       7 |       0 |   0.0
    Ossuary |       0 |     824 | 100.0 |       0 |      29 | 100.0
   Gauntlet |       0 |     317 | 100.0 |       0 |       2 | 100.0
            +---------+---------+-------+---------+---------+-------
